Description

rally probes to build every building harass with adepts, only take good trades or try to get out alive make up to 8 adepts and then mass stalkers w / blink.

Replay - Krystianer Replay adept BO PvP

Build Order

Get SALT Encoding   

  12  0:00   Probe  
  13  0:12   Probe  
  14  0:16   Pylon  
  14  0:22   Probe  
  15  0:30   Probe  
  16  0:36   Gateway  
  16  0:39   Probe  
  17  0:44   Assimilator  
  17  0:51   Probe  
  17  0:52   Assimilator  
  18  0:59   Probe  
  19  1:06   Gateway  
  19  1:07   Probe  
  19  1:17   Probe  
  20  1:23   Cybernetics Core  
  21  1:29   Probe  
  22  1:34   Pylon  
  22  1:41   Probe  
  23  1:50   Warp Gate  
  23  1:53   Probe  
  24  2:00   Adept x2  
  28  2:05   Shield Battery  
  28  2:10   Pylon  
  28  2:14   Probe  
  29  2:30   Adept x2  
  32  2:47   Nexus  
  32  2:59   Adept  
  32  3:00   Adept  
  36  3:13   Pylon  
  36  3:20   Robotics Facility  
  36  3:26   Probe  
  33  3:38   Adept x2, Probe  
  38  3:50   Probe  
  38  3:51   Shield Battery  
  39  3:56   Immortal  
  39  3:58   Sentry x2  
  44  4:09   Probe  
  48  4:13   Probe  
  49  4:21   Probe x2  
  49  4:22   Sentry  
  52  4:24   Sentry  
  52  4:28   Immortal  
  55  4:33   Probe  
  58  4:42   Probe  
  58  4:44   Pylon  
  59  4:47   Probe  
  58  4:59   Probe  
  56  5:03   Twilight Council, Forge  
  56  5:06   Adept  
  53  5:07   Adept  
  53  5:09   Probe  
  53  5:14   Immortal, Probe  
  57  5:21   Probe  
  57  5:27   Probe  
  63  5:28   Blink  
  63  5:32   Assimilator, Shield Battery  
  63  5:33   Probe  
  64  5:37   Protoss Ground Weapons Level 1  
  64  5:40   Probe  
  64  5:41   Assimilator  
  65  5:45   Probe  
  64  5:52   Probe  
  64  5:53   Shield Battery  
  64  5:57   Probe, Warp Prism  
  64  6:10   Pylon  
  66  6:15   Gateway  
  66  6:17   Gateway  
  66  6:26   Gateway  
  66  6:28   Gateway  
  66  6:31   Immortal  
  66  6:35   Sentry  
  66  6:39   Stalker  
  74  6:44   Gateway  
  74  6:48   Pylon  
  74  6:59   Stalker  
  74  7:00   Pylon  
  76  7:02   Stalker  
  78  7:13   Stalker x2  
  82  7:23   Pylon  
  82  7:26   Stalker  
  82  7:27   Stalker x2  
  82  7:28   Stalker  
  87  7:37   Stalker x2  
  87  7:41   Stalker  
  77  7:58   Stalker x3  
  77  7:59   Stalker  
  77  8:03   Stalker  
  85  8:12   Stalker x2  
  67  8:30   Stalker x4  
  73  8:50   Stalker x3  
  73  8:54   Stalker x2  
Spawning Tool Build Advisor. Get it on Overwolf

Analysis

great build to practice microing adepts and stalkers and following a build order. You can be a few seconds off of the timings as these are very precise and tight. These timings can be used as a goal to reach for benchmarking your progress. rally your 16th probe to beside your first pylon to build your gateway at :36 to :38 rally your 17th probe to the first assimilator to build it, rally 18th probe to second assimilator to build it, then saturate mineral line, and rally to each assimilator to fill them up 3/3 workers.

  • included all production of probes and pylons for new players to follow along in depth

You build the first nexus as your adepts are getting to your opponents natural or 3/4 across the map as a general timeline. Make sure to Shade your adepts the whole time you are traveling to your opponents natural base, and then try and shade up the ramp and into their mineral line with the first set of adepts, then try to shade back out.

Go to:

Details

  • Created by: sc2ool
  • Published on: Aug 27, 2025
  • Modified on: Aug 27, 2025
  • Patch: 5.0.11
  • Difficulty: Medium
Show
View Real Time Build Order
Export as new Build Order

Comments (1)

On Nov. 6, 2025, 6:37 p.m., USheya  said:

How do you defend fast liberator harass with this?

Create an account to comment!